 Dungeon Crawl Stone Soup version 0.22-a0-179-gb5258fd (webtiles) character file.

1228 wolfsongas the Fighter (level 8, 0/74 HPs)
             Began as a Gnoll Wanderer on Feb 13, 2018.
             Was an Initiate of Okawaru.
             Slain by an orc warrior
             ... wielding a +0 war axe
              (8 damage)
             ... on level 5 of the Dungeon.
             The game lasted 00:08:59 (5138 turns).

wolfsongas the Fighter (Gnoll Wanderer)             Turns: 5138, Time: 00:08:59

Health: 0/74       AC: 14    Str: 19    XL:     8   Next: 48%
Magic:  21/21      EV:  7    Int: 13    God:    Okawaru [......]
Gold:   123        SH:  0    Dex: 14    Spells: 9/13 levels left

rFire    . . .     SeeInvis .   m - +3 battleaxe
rCold    . . .     Gourm    .   (shield currently unavailable)
rNeg     . . .     Faith    .   k - +0 plate armour
rPois    .         Spirit   .   o - +0 helmet
rElec    .         Reflect  .   (no cloak)
rCorr    .         Harm     .   (no gloves)
MR       .....     Clarity  +   h - +0 pair of boots
Stlth    ..........             (no amulet)
HPRegen  0.22/turn              q - ring of magical power
MPRegen  0.17/turn              (no ring)

@: no status effects
A: distributed training, fangs 1, camouflage 1, clarity, shaggy fur 1, strong
nose
a: Renounce Religion


You were on level 5 of the Dungeon.
You worshipped Okawaru.
Okawaru was noncommittal.
You were full.

You visited 2 branches of the dungeon, and saw 7 of its levels.

You collected 347 gold pieces.
You spent 224 gold pieces at shops.

Inventory:

Hand Weapons
 a - a +3 quarterstaff
 m - a +3 battleaxe (weapon)
Armour
 h - a +0 pair of boots (worn)
 k - a +0 plate armour (worn)
 o - a +0 helmet (worn)
Jewellery
 q - a ring of magical power (left hand)
Wands
 p - a wand of scattershot (4)
 r - a wand of digging (5)
Scrolls
 b - a scroll of teleportation
 e - a scroll of magic mapping
 g - 2 scrolls of identify
 i - 3 scrolls of amnesia
 j - 4 scrolls of remove curse
 l - a scroll of fear
Potions
 c - 2 potions of curing
 d - 5 potions of flight
 n - a potion of might
 s - a potion of heal wounds
Comestibles
 f - 5 rations


   Skills:
 + Level 10.8 Fighting
 + Level 3.2 Short Blades
 + Level 3.2 Long Blades
 + Level 3.2 Axes
 + Level 3.2 Maces & Flails
 + Level 3.2 Polearms
 + Level 4.2 Staves
 + Level 3.2 Slings
 + Level 3.2 Bows
 + Level 3.2 Crossbows
 + Level 5.6 Throwing
 + Level 3.2 Armour
 + Level 4.2 Dodging
 + Level 4.0 Stealth
 + Level 3.2 Shields
 + Level 3.2 Unarmed Combat
 + Level 3.2 Spellcasting
 + Level 2.6 Conjurations
 + Level 2.6 Hexes
 + Level 2.6 Charms
 + Level 2.6 Summonings
 + Level 2.6 Necromancy
 + Level 2.6 Translocations
 + Level 2.6 Transmutations
 + Level 2.6 Fire Magic
 + Level 2.6 Ice Magic
 + Level 2.6 Air Magic
 + Level 2.6 Earth Magic
 + Level 2.6 Poison Magic
 + Level 3.5 Invocations
 + Level 3.2 Evocations


You had 9 spell levels left.
You knew the following spells:

 Your Spells              Type           Power        Failure   Level  Hunger
a - Summon Lightning Spi  Summ/Air       #.......     100%        4    #####..


Dungeon Overview and Level Annotations

Branches:
Dungeon (6/15)             Temple (1/1) D:5

Altars:
Ashenzari
Elyvilon
Fedhas
Gozag
Kikubaaqudgha
Nemelex Xobeh
Okawaru
Sif Muna
Trog
Uskayaw
Vehumet
Wu Jian
Xom
Zin
The Shining One

Shops:
D:4 !


Innate Abilities, Weirdness & Mutations

Your experience applies equally to all skills.
You have very sharp teeth.
Your uncanny sense of smell can sniff out nearby items.
Your skin changes colour to match your surroundings (Stealth+).
You possess an exceptional clarity of mind.
You are covered in fur. (AC +1)


Message History

You hit the bullfrog.
The bullfrog hits you but does no damage.
The orc warrior hits you with a war axe.
* * * LOW HITPOINT WARNING * * *
The bullfrog hits you but does no damage.
You closely miss the orc warrior. Your bite misses the orc warrior.
The orc warrior is almost dead.
You slash the bullfrog! The bullfrog hits you.
* * * LOW HITPOINT WARNING * * *
The orc warrior hits you but does no damage.
The bullfrog hits you but does no damage.
The orc warrior barely misses you.
The bullfrog hits you but does no damage.
Okay, then.
You closely miss the orc warrior.
The orc warrior is almost dead.
You closely miss the bullfrog. The bullfrog hits you.
* * * LOW HITPOINT WARNING * * *
The orc warrior hits you with a war axe!
You die...

#..................#
#..................#
######..................#
##...###########'########
......#......#.........#
......#......#.........#
......#......#.........#
......'......#...F.....#
......#......#..@o##...#
......#......#....####'#
......#......##...##...#
#####'#########...##...#
.........#...##........#
.........#........##...#
.........#........##.>.#
.........#.........#...#
.........#<........#...#


You could see an orc warrior and a bullfrog.

Vanquished Creatures
  Grinder (D:3)
  Eustachio (D:4)
  Duvessa (D:4)
  A sky beast (D:5)
  An ogre (D:5)
  Dowan (D:4)
  A water moccasin skeleton (D:4)
  A howler monkey (D:4)
  2 orc priests (D:4)
  An orc wizard (D:5)
  Natasha (thrice) (D:4)
  2 worker ants (D:4)
  Robin (D:4)
  4 gnolls (D:3)
  8 adders
  A shadow imp (D:5)
  4 oozes
  2 worms
  A dart slug (D:2)
  4 leopard geckos
  13 orcs
  2 ball pythons
  4 giant cockroaches
  16 goblins
  9 hobgoblins
  10 jackals
  8 kobolds
  3 quokkas
  5 bats
  5 frilled lizards
  8 rats
124 creatures vanquished.

Vanquished Creatures (others)
  A goblin (D:4)
1 creature vanquished.

Grand Total: 125 creatures vanquished

Notes
Turn   | Place    | Note
-------+----------+-------------------------------------------
     0 | D:1      | Reached skill level 10 in Fighting
     0 | D:1      | wolfsongas the Gnoll Wanderer began the quest for the Orb.
     0 | D:1      | wolfsongas set off with: a +2 quarterstaff, a scroll of teleportation, a potion of curing, a +0 robe, a ration
     0 | D:1      | Reached XP level 1. HP: 28/28 MP: 1/1
   105 | D:1      | Reached XP level 2. HP: 22/36 MP: 2/2
   877 | D:2      | Reached XP level 3. HP: 42/42 MP: 3/3
   989 | D:2      | Reached skill level 1 in Invocations
  1048 | D:2      | Reached skill level 1 in Short Blades
  1048 | D:2      | Reached skill level 1 in Long Blades
  1048 | D:2      | Reached skill level 1 in Axes
  1048 | D:2      | Reached skill level 1 in Maces & Flails
  1048 | D:2      | Reached skill level 1 in Polearms
  1048 | D:2      | Reached skill level 1 in Slings
  1048 | D:2      | Reached skill level 1 in Bows
  1048 | D:2      | Reached skill level 1 in Crossbows
  1048 | D:2      | Reached skill level 1 in Armour
  1048 | D:2      | Reached skill level 1 in Shields
  1048 | D:2      | Reached skill level 1 in Unarmed Combat
  1048 | D:2      | Reached skill level 1 in Spellcasting
  1048 | D:2      | Reached skill level 1 in Evocations
  1080 | D:2      | Reached XP level 4. HP: 48/48 MP: 5/5
  1338 | D:2      | Reached skill level 1 in Conjurations
  1338 | D:2      | Reached skill level 1 in Hexes
  1338 | D:2      | Reached skill level 1 in Charms
  1338 | D:2      | Reached skill level 1 in Summonings
  1338 | D:2      | Reached skill level 1 in Necromancy
  1338 | D:2      | Reached skill level 1 in Translocations
  1338 | D:2      | Reached skill level 1 in Transmutations
  1338 | D:2      | Reached skill level 1 in Fire Magic
  1338 | D:2      | Reached skill level 1 in Ice Magic
  1338 | D:2      | Reached skill level 1 in Air Magic
  1338 | D:2      | Reached skill level 1 in Earth Magic
  1338 | D:2      | Reached skill level 1 in Poison Magic
  1372 | D:2      | Found a glowing silver altar of Zin.
  1938 | D:3      | Noticed Grinder
  1943 | D:3      | Paralysed by Grinder for 4 turns
  1953 | D:3      | Reached XP level 5. HP: 30/54 MP: 6/6
  1967 | D:3      | Paralysed by Grinder for 2 turns
  1977 | D:3      | Killed Grinder
  1977 | D:3      | Reached skill level 5 in Throwing
  1977 | D:3      | Reached XP level 6. HP: 61/61 MP: 7/9
  2075 | D:3      | Found a radiant altar of Vehumet.
  2401 | D:3      | Found an opulent altar of Gozag.
  2641 | D:4      | Found Ixzionk's Distillery.
  2648 | D:4      | Bought a potion of mutation for 112 gold pieces
  2648 | D:4      | Bought a potion of mutation for 112 gold pieces
  2648 | D:4      | Gained mutation: You are clumsy. (Dex -2) [potion of mutation]
  2648 | D:4      | Gained mutation: You tend to lose your temper in combat. [potion of mutation]
  2648 | D:4      | Gained mutation: Your muscles are strong. (Str +2) [potion of mutation]
  2649 | D:4      | Lost mutation: You tend to lose your temper in combat. [potion of mutation]
  2649 | D:4      | Lost mutation: You are clumsy. (Dex -2) [potion of mutation]
  2649 | D:4      | Lost mutation: Your muscles are strong. (Str +2) [potion of mutation]
  2649 | D:4      | Gained mutation: You can translocate small distances at will. [potion of mutation]
  2649 | D:4      | Gained mutation: Your mind is acute. (Int +2) [potion of mutation]
  2649 | D:4      | Gained mutation: You have large cloven feet. [potion of mutation]
  2675 | D:4      | Reached XP level 7. HP: 63/67 MP: 10/10
  2693 | D:4      | Lost mutation: Your mind is acute. (Int +2) [potion of mutation]
  2693 | D:4      | Lost mutation: You can translocate small distances at will. [potion of mutation]
  2693 | D:4      | Lost mutation: You have large cloven feet. [potion of mutation]
  2693 | D:4      | Gained mutation: Your skin changes colour to match your surroundings (Stealth+). [potion of mutation]
  2693 | D:4      | Gained mutation: Your body sometimes deteriorates upon taking damage. [potion of mutation]
  2693 | D:4      | Gained mutation: You are partially covered in rugged brown scales. (AC +1, +3% HP) [potion of mutation]
  2750 | D:4      | Noticed Natasha
  2758 | D:4      | Killed Natasha
  2773 | D:4      | Noticed Eustachio
  2831 | D:4      | Noticed Natasha
  3146 | D:4      | Killed Eustachio
  3262 | D:4      | Noticed Duvessa
  3263 | D:4      | Noticed Dowan
  3270 | D:4      | Noticed Robin
  3272 | D:4      | Killed Duvessa
  3281 | D:4      | Killed Robin
  3290 | D:4      | Killed Dowan
  3290 | D:4      | Reached XP level 8. HP: 47/76 MP: 12/12
  3612 | D:4      | Killed Natasha
  3734 | D:4      | Noticed Natasha
  3737 | D:4      | Killed Natasha
  4028 | D:5      | Entered Level 5 of the Dungeon
  4146 | D:5      | Learned a level 4 spell: Summon Lightning Spire
  4673 | D:5      | Found a staircase to the Ecumenical Temple.
  4779 | Temple   | Entered the Ecumenical Temple
  4850 | Temple   | Became a worshipper of Warmaster Okawaru
  5125 | D:5      | Lost mutation: Your body sometimes deteriorates upon taking damage. [potion of mutation]
  5125 | D:5      | Lost mutation: You are partially covered in rugged brown scales. (AC +1, +3% HP) [potion of mutation]
  5125 | D:5      | Gained mutation: You possess an exceptional clarity of mind. [potion of mutation]
  5125 | D:5      | Gained mutation: You are covered in fur. (AC +1) [potion of mutation]
  5138 | D:5      | Slain by an orc warrior

Vault maps used:
D:1:      minmay_arrival_doors
D:2:      lemuel_doored_altar, interstate_on_off, kennysheep_generic_room_13
D:3:      lemuel_round_altar, nicolae_overflow_hidden_temple, uniq_grinder
D:4:      serial_shops, shop, uniq_eustachio, uniq_robin, uniq_natasha,
          uniq_duvessa
D:5:      minmay_temple_entry_butterflies, first_ration, kennysheep_dice
D:6:      nicolae_dithmenos_the_darkroom, uniq_pikel
Temple:   eino_narrow_crystal_temple

Skill      XL: |  1  2  3  4  5  6  7  8 |
---------------+-------------------------+-----
Fighting       | | 10.8
Invocations    | 1 2 3 |  3.5
Short Blades   | 1 2 3 |  3.2
Long Blades    | 1 2 3 |  3.2
Axes           | 1 2 3 |  3.2
Maces & Flails | 1 2 3 |  3.2
Polearms       | 1 2 3 |  3.2
Slings         | 1 2 3 |  3.2
Bows           | 1 2 3 |  3.2
Crossbows      | 1 2 3 |  3.2
Armour         | 1 2 3 |  3.2
Shields        | 1 2 3 |  3.2
Unarmed Combat | 1 2 3 |  3.2
Spellcasting   | 1 2 3 |  3.2
Evocations     | 1 2 3 |  3.2
Conjurations   | 1 2 |  2.6
Hexes          | 1 2 |  2.6
Charms         | 1 2 |  2.6
Summonings     | 1 2 |  2.6
Necromancy     | 1 2 |  2.6
Translocations | 1 2 |  2.6
Transmutations | 1 2 |  2.6
Fire Magic     | 1 2 |  2.6
Ice Magic      | 1 2 |  2.6
Air Magic      | 1 2 |  2.6
Earth Magic    | 1 2 |  2.6
Poison Magic   | 1 2 |  2.6
Staves         | 3 4 |  4.2
Throwing       | 5 |  5.6
Dodging        | 3 4 |  4.2
Stealth        | 3 4 |  4.0

Action                   |  1- 3 |  4- 6 |  7- 9 || total
-------------------------+-------+-------+-------++-------
Melee: Quarterstaff      |    71 |   129 |    58 ||   258
       Bite              |     5 |    11 |    13 ||    29
       Battleaxe         |       |       |    88 ||    88
  Use: Scroll            |     7 |     4 |     4 ||    15
       Potion            |       |     6 |     3 ||     9
 Stab: Sleeping          |     1 |       |       ||     1
  Eat: Chunk             |     1 |     1 |       ||     2
       Ration            |       |     2 |     3 ||     5
Armor: Plate armour      |    40 |    99 |   173 ||   312
       Robe              |     3 |       |       ||     3
Dodge: Dodged            |    28 |    74 |    98 ||   200

Table legend:
 A = Spawn XP
 B = Non-spawn XP
 C = Spawn XP percentage of total XP
 D = Spawn monster count
 E = Non-spawn monster count
 F = Spawn count percentage of total count
 G = Total turns spent on level
                    A         B        C        D         E        F      G
               +---------+---------+-------+---------+---------+-------+---------
         Total |       0 |    1755 |   0.0 |       0 |     124 |   0.0 |  5138
               +---------+---------+-------+---------+---------+-------+---------
           D:1 |       0 |      33 |   0.0 |       0 |      19 |   0.0 |   870
           D:2 |       0 |     114 |   0.0 |       0 |      33 |   0.0 |   998
           D:3 |       0 |     370 |   0.0 |       0 |      21 |   0.0 |   930
           D:4 |       0 |     910 |   0.0 |       0 |      43 |   0.0 |  1230
           D:5 |       0 |     328 |   0.0 |       0 |       8 |   0.0 |  1008
               +---------+---------+-------+---------+---------+-------+---------
